 Dungeon Crawl Stone Soup version 0.21-a0-521-g1cd18d1 (webtiles) character file.

6755 blurbie the Gouger (level 10, -10/76 HPs)
             Began as a Felid Berserker on Dec 5, 2017.
             Was a Priest of Trog.
             Mangled by a komodo dragon (23 damage)
             ... on level 2 of the Lair of Beasts.
             The game lasted 02:34:16 (16064 turns).

blurbie the Gouger (Felid Berserker)               Turns: 16064, Time: 02:34:17

Health: -10/76     AC:  2    Str: 19    XL:     10   Next: 75%
Magic:  18/18      EV: 28    Int:  9    God:    Trog [***...]
Gold:   1296       SH:  0    Dex: 18    Spells: 9/9 levels left
                                        Lives:  0   Deaths: 2

rFire    x . .     SeeInvis +     - Unarmed
rCold    + . .     Gourm    .   (shield unavailable)
rNeg     . . .     Faith    .   (armour unavailable)
rPois    .         Spirit   .   (helmet unavailable)
rElec    .         Reflect  .   (cloak unavailable)
rCorr    .         Harm     .   (gloves unavailable)
MR       ++...                  (boots unavailable)
Stlth    ..........             (no amulet)
HPRegen  0.22/turn              u - ring of ice
MPRegen  0.16/turn              K - ring of protection from magic

@: berserking, very quick
A: very small, no armour, no weapons or thrown items, stealth, claws 1, fangs 3,
see invisible, carnivore 3, speed 1, shaggy fur 2, slow metabolism 1, sharp paws
a: Berserk, Trog's Hand, Burn Spellbooks, Renounce Religion


You were on level 2 of the Lair of Beasts.
You worshipped Trog.
Trog was most pleased with you.
You were full.

You visited 3 branches of the dungeon, and saw 16 of its levels.
You also visited: Bailey.

You collected 1296 gold pieces.

Inventory:

Jewellery
 e - an uncursed ring of protection from cold
 f - an uncursed ring of ice
 j - a +3 ring of intelligence
 o - an uncursed ring of ice
 q - an uncursed amulet of magic regeneration
 u - a ring of ice (left paw)
 B - an uncursed amulet of harm
 K - a ring of protection from magic (right paw)
 L - an uncursed ring of wizardry
Wands
 b - a wand of polymorph (9)
 n - a wand of iceblast (1)
 v - a wand of paralysis (21)
 x - a wand of random effects (38)
 A - a wand of flame (73)
 N - a wand of acid (8)
Scrolls
 d - 3 scrolls of remove curse
 g - 2 scrolls of enchant armour {unknown}
 p - 4 scrolls of fog
 y - a scroll of noise
 z - a scroll of teleportation
 E - a scroll of enchant weapon {unknown}
 H - 2 scrolls of random uselessness {unknown}
 I - a scroll of silence {unknown}
 J - a scroll of immolation
 M - a scroll of summoning {unknown}
Potions
 c - 2 potions of magic
 h - a potion of lignification {unknown}
 i - 5 potions of mutation
 k - a potion of degeneration {unknown}
 l - 2 potions of brilliance
 m - a potion of cancellation {unknown}
 r - a potion of flight {unknown}
 s - a potion of agility {unknown}
 t - 2 potions of haste {unknown}
 C - a potion of resistance
 D - a potion of berserk rage {unknown}
 F - 3 potions of curing
 O - a potion of might
Comestibles
 a - 5 meat rations
 w - 3 royal jellies


   Skills:
 - Level 10.4 Fighting
 - Level 12.0 Dodging
 + Level 7.3 Stealth
 * Level 12.2 Unarmed Combat
 - Level 10.0 Evocations


You had 9 spell levels left.
You didn't know any spells.

Dungeon Overview and Level Annotations

Branches:
Dungeon (11/15)            Temple (1/1) D:7            Lair (4/6) D:11
    Orc (0/2) D:11
  Swamp: Lair:2-4    Shoals: Lair:2-4     Snake: Lair:2-4    Spider: Lair:2-4

Altars:
Ashenzari
Cheibriados
Dithmenos
Elyvilon
Fedhas
Gozag
Hepliaklqana
Kikubaaqudgha
Makhleb
Nemelex Xobeh
Okawaru
Qazlal
Ru
Sif Muna
Trog
Uskayaw
Vehumet
Wu Jian
Xom
Yredelemnul
Zin
The Shining One

Portals:
Trove: D:11 (give 8 potions of agility)

Annotations:
D:6 jujuben's ghost, novice HaFi
D:10 Gastronok; Snorg
Lair:1 1 transporter


Innate Abilities, Weirdness & Mutations

You cannot wear armour.
You are incapable of wielding weapons or throwing items.
Your paws allow you to move quietly. (Stealth)
You have sharp claws.
You have razor-sharp teeth.
You have supernaturally acute eyesight. (SInv)
You are carnivorous and can eat meat at any time.
You cover ground quickly.
You are covered in thick fur. (AC +2)
You have a slow metabolism.
Your sharp claws are effective at attacking unaware monsters.


Message History

A bullfrog comes into view.
The komodo dragon hisses menacingly.
Found a fan of gales.
Found a stone staircase leading up.
There is a stone staircase leading up here.
The bullfrog completely misses you.
The komodo dragon completely misses you.
The bullfrog completely misses you.
You climb upwards.
There is a stone staircase leading down here.
A red film seems to cover your vision as you go berserk!
You feel yourself moving faster!
You feel mighty!
You feel a lot less full. The komodo dragon bites you!!
* * * LOW HITPOINT WARNING * * *
The bullfrog closely misses you.
You claw the komodo dragon!
You bite the komodo dragon, but do no damage.
The komodo dragon is heavily wounded.
The komodo dragon bites you!!
You die...

##########..........#
#........#.....#.PP##
#.#.P....P......#.P##
#....................
##...P.........#.....
#.##.#.#.#.#.#.#.#.#$
###..................
##l#.#.#.#.#.#.#.#.
#.@F..............
##.#.#.#.#.#.#.#.#
###...............
##.....P#..... #.
##.....P.......
#..............
####.............
##.P.#....#.......
##..................


You could see a komodo dragon and a bullfrog.

Vanquished Creatures
  Erica (Lair:1)
  A centaur warrior (D:10)
  2 two-headed ogres (D:10)
  A manticore (D:9)
  Maurice (D:10)
  Joseph (D:7)
  4 black mambas
  6 spiny frogs
  A centaur skeleton (D:10)
  A rime drake (Lair:4)
  A komodo dragon (Lair:1)
  A troll (D:10)
  A hornet (D:10)
  A merfolk (Lair:3)
  Prince Ribbit (D:7)
  7 hippogriffs
  Sigmund (D:5)
  18 yaks
  2 hungry ghosts (D:11)
  A steam dragon (D:9)
  6 water moccasins
  7 porcupines
  2 sky beasts
  13 orc warriors
  A phantom (D:5)
  A black bear (Lair:2)
  3 ice beasts
  An ogre (D:6)
  2 necrophages
  11 centaurs
  2 crocodiles
  A big kobold (D:9)
  11 bullfrogs
  3 scorpions
  3 troll zombies (D:11)
  4 crimson imps
  8 hounds
  2 orc priests (D:9)
  A centaur zombie (D:5)
  4 jellies
  8 orc wizards
  A bullfrog skeleton (D:8)
  A gnoll shaman (D:4)
  4 iguanas
  8 worker ants
  5 ogre zombies (D:11)
  A hound skeleton (D:9)
  2 worker ant zombies (D:9)
  6 gnolls
  A howler monkey skeleton (D:7)
  16 adders
  2 shadow imps
  2 oozes (D:3)
  An adder zombie (D:9)
  A worm (D:5)
  4 dart slugs
  7 leopard geckos
  44 orcs
  2 ball pythons
  3 bat skeletons (D:3)
  2 bat zombies (D:3)
  7 giant cockroaches
  9 goblins
  A hobgoblin (D:2)
  4 jackals (D:1)
  10 kobolds
  2 quokkas
  7 bats
  6 frilled lizards
  2 goblin skeletons (D:11)
  2 goblin zombies (D:11)
  3 hobgoblin zombies (D:11)
  14 orc zombies (D:11)
  A quokka skeleton (D:5)
  3 rats (D:1)
331 creatures vanquished.

Vanquished Creatures (collateral kills)
  An orc warrior (Bailey)
  An ogre (D:11)
  An orc priest (D:11)
  A goblin zombie (D:11)
  3 orc zombies (D:11)
7 creatures vanquished.

Vanquished Creatures (others)
  A fungus (Lair:3)
  2 plants
3 creatures vanquished.

Grand Total: 341 creatures vanquished

Notes
Turn   | Place    | Note
-------+----------+-------------------------------------------
     0 | D:1      | blurbie the Felid Berserker began the quest for the Orb.
     0 | D:1      | Reached XP level 1. HP: 10/10 MP: 2/2
   305 | D:1      | Reached XP level 2. HP: 14/14 MP: 3/3
   406 | D:1      | Reached ** piety under Trog
   657 | D:1      | Reached XP level 3. HP: 17/17 MP: 4/4
  1538 | D:2      | Reached skill level 5 in Dodging
  1538 | D:2      | Reached XP level 4. HP: 15/21 MP: 5/5
  1638 | D:2      | Found a radiant altar of Vehumet.
  2176 | D:3      | Found a hazy altar of Hepliaklqana.
  2483 | D:3      | Found a stormy altar of Qazlal.
  2775 | D:3      | Found an ancient bone altar of Kikubaaqudgha.
  3080 | D:4      | Reached skill level 5 in Unarmed Combat
  3080 | D:4      | Reached XP level 5. HP: 15/24 MP: 6/6
  3543 | D:4      | Gained mutation: You are covered in thick fur. (AC +2) [Felid growth]
  3543 | D:4      | Reached XP level 6. HP: 28/28 MP: 7/7
  3583 | D:4      | Found a shadowy altar of Dithmenos.
  3587 | D:4      | Found an opulent altar of Gozag.
  4343 | D:5      | Entered Level 5 of the Dungeon
  4373 | D:5      | Reached *** piety under Trog
  4388 | D:5      | Noticed a sky beast
  4402 | D:5      | Killed a sky beast
  4402 | D:5      | Reached XP level 7. HP: 17/33 MP: 8/8
  4628 | D:5      | Noticed Sigmund
  4664 | D:5      | Found a basalt altar of Yredelemnul.
  4988 | D:5      | Reached skill level 5 in Fighting
  5582 | D:5      | Killed Sigmund
  5633 | D:5      | Reached XP level 8. HP: 26/37 MP: 9/9
  5962 | D:6      | Noticed jujuben's ghost (novice HaFi)
  5977 | D:6      | Found a sacrificial altar of Ru.
  7310 | D:7      | Found a staircase to the Ecumenical Temple.
  7334 | Temple   | Entered the Ecumenical Temple
  7653 | D:7      | Noticed Prince Ribbit
  7960 | D:7      | Reached skill level 10 in Unarmed Combat
  8183 | D:7      | Noticed Joseph
  8195 | D:7      | Killed Joseph
  8195 | D:7      | Reached XP level 9. HP: 40/40 MP: 10/10
  8349 | D:7      | Killed Prince Ribbit
  8697 | D:8      | Noticed a two-headed ogre
  9180 | D:8      | Found a burning altar of Makhleb.
  9348 | D:9      | Reached skill level 1 in Stealth
  9430 | D:9      | Reached skill level 10 in Dodging
  9700 | D:9      | Reached XP level 10. HP: 26/48 MP: 11/11
  9916 | D:9      | Reached **** piety under Trog
  9967 | D:9      | Found a deep blue altar of Sif Muna.
  9997 | D:9      | Reached skill level 5 in Stealth
 10061 | D:9      | Noticed a manticore
 10068 | D:9      | Killed a manticore
 10312 | D:10     | Entered Level 10 of the Dungeon
 10428 | D:10     | Noticed a two-headed ogre
 10442 | D:10     | Killed a two-headed ogre
 10442 | D:10     | Reached skill level 5 in Evocations
 10510 | D:10     | Noticed Snorg
 10770 | D:10     | Noticed Maurice
 10775 | D:10     | Killed Maurice
 10965 | D:10     | Noticed a centaur warrior
 10979 | D:10     | Killed a centaur warrior
 10979 | D:10     | Reached XP level 11. HP: 22/52 MP: 18/18
 11044 | D:10     | Killed a two-headed ogre
 11568 | D:10     | Noticed Gastronok
 11640 | D:10     | Reached skill level 10 in Evocations
 11929 | D:11     | Found a staircase to the Orcish Mines.
 11989 | D:11     | Found a staircase to the Lair.
 12112 | D:11     | Found a flagged portal.
 12121 | Bailey   | Entered a bailey
 12627 | Bailey   | HP: 2/52 [orc warrior/halberd (27)]
 14074 | D:11     | Found a portal to a secret trove of treasure.
 14153 | Lair:1   | Entered Level 1 of the Lair of Beasts
 14156 | Lair:1   | Found a transporter.
 14190 | Lair:1   | Found a transporter.
 14192 | Lair:1   | Noticed a swamp dragon
 14192 | Lair:1   | Noticed a swamp dragon
 14498 | Lair:1   | HP: 2/79 [poison (poison gas)]
 14499 | Lair:1   | Mangled by a swamp dragon
 14500 | Lair:1   | Reached XP level 10. HP: -8/73 MP: 18/18
 14733 | Lair:1   | Reached XP level 11. HP: 29/53 MP: 19/19
 14871 | Lair:1   | Noticed Erica
 14879 | Lair:1   | Killed Erica
 15326 | Lair:2   | Found a shimmering altar of Xom.
 15332 | Lair:2   | You fall through a shaft for 2 floors!
 15365 | Lair:4   | Reached skill level 10 in Fighting
 15966 | Lair:3   | HP: 1/55 [merfolk/trident (12)]
 15967 | Lair:3   | Slain by a merfolk
 15968 | Lair:3   | Reached XP level 10. HP: 0/51 MP: 18/18
 15993 | Lair:3   | Killed a black mamba
 16022 | Lair:3   | Noticed a black mamba
 16064 | Lair:2   | Mangled by a komodo dragon

Vault maps used:
D:1:      minmay_arrival_diagonal_passages, serial_glass, glass_columns_b,
          glass_columns_b
D:2:      vehumet_crystals
D:3:      grunt_qazlal_sundering, kennysheep_vampire_church, lemuel_round_altar
D:4:      chequers_temple_overflow_statue_of_worship, first_bread
D:5:      basic_altar, uniq_sigmund
D:6:      nicolae_overflow_crystal_walls, nicolae_zen_rock_garden,
          minmay_misc_feat_columns, st_stairs_7
D:7:      minmay_temple_entry_large_hall, hangedman_decor_lopped,
          uniq_prince_ribbit1, uniq_joseph
D:8:      kennysheep_mini, kennysheep_generic_room_12
D:9:      led_sif_pool
D:10:     uniq_snorg, uniq_maurice, uniq_gastronok
D:11:     lair_entry_dummy, zombieorc2_lemuel, enter_bailey_1, enter_trove_6
Temple:   nicolae_temple_figure_eight
Lair:1:   gammafunk_cloud_chamber, serial_bayou_shore_a,
          infiniplex_staircase_pool_2, grunt_megastairs_3, uniq_erica
Lair:2:   basic_altar, st_stairs_13
Lair:3:   elwin_shoals_entry_stream, minmay_snake_entry_six_corridors
Lair:4:   serial_bayou_shore_b
Bailey:   bailey_polearm_flooded_kennysheep, bailey

Skill      XL: |  1  2  3  4  5  6  7  8  9 10 11 |
---------------+----------------------------------+-----
Unarmed Combat | 4 5 6 8 10 12 | 12.2
Dodging        | 5 6 8 10 12 | 12.0
Fighting       | 4 5 7 8 10 | 10.4
Stealth        | 4 5 7 |  7.3
Evocations     | 8 10 | 10.0

Action                   |  1- 3 |  4- 6 |  7- 9 | 10-12 || total
-------------------------+-------+-------+-------+-------++-------
Melee: Unarmed           |   108 |   140 |   281 |   512 ||  1041
       Bite              |     7 |    15 |    32 |    56 ||   110
       Punch             |     1 |     1 |    16 |    19 ||    37
Invok: Berserk           |     1 |     6 |    17 |    24 ||    48
       Trog's Hand       |     1 |     1 |     5 |    28 ||    35
       Brothers in Arms  |       |       |       |     3 ||     3
       Burn Spellbooks   |       |       |       |     1 ||     1
Evoke: Wand              |       |     1 |     1 |    29 ||    31
  Use: Scroll            |     5 |     3 |     9 |    10 ||    27
       Potion            |       |     2 |     2 |     4 ||     8
 Stab: Sleeping          |     2 |     2 |     6 |    15 ||    25
       Distracted        |       |       |       |     3 ||     3
       Paralysed         |       |       |       |     2 ||     2
  Eat: Chunk             |    10 |     9 |    26 |    48 ||    93
       Meat ration       |       |       |       |     1 ||     1
Armor: Skin              |     4 |     8 |     8 |    16 ||    36
Dodge: Dodged            |   129 |   131 |   235 |   573 ||  1068

Table legend:
 A = Spawn XP
 B = Non-spawn XP
 C = Spawn XP percentage of total XP
 D = Spawn monster count
 E = Non-spawn monster count
 F = Spawn count percentage of total count
 G = Total turns spent on level
                    A         B        C        D         E        F      G
               +---------+---------+-------+---------+---------+-------+---------
         Total |       0 |   28307 |   0.0 |       0 |     338 |   0.0 | 16064
               +---------+---------+-------+---------+---------+-------+---------
           D:1 |       0 |      46 |   0.0 |       0 |      24 |   0.0 |   865
           D:2 |       0 |      80 |   0.0 |       0 |      18 |   0.0 |  1172
           D:3 |       0 |      54 |   0.0 |       0 |      18 |   0.0 |  1030
           D:4 |       0 |     383 |   0.0 |       0 |      18 |   0.0 |  1276
           D:5 |       0 |     892 |   0.0 |       0 |      24 |   0.0 |  1429
           D:6 |       0 |     851 |   0.0 |       0 |      14 |   0.0 |  1209
           D:7 |       0 |    1290 |   0.0 |       0 |      15 |   0.0 |  1291
           D:8 |       0 |     186 |   0.0 |       0 |       3 |   0.0 |   821
           D:9 |       0 |    3024 |   0.0 |       0 |      36 |   0.0 |  1016
          D:10 |       0 |    6998 |   0.0 |       0 |      38 |   0.0 |  1508
          D:11 |       0 |    1531 |   0.0 |       0 |      49 |   0.0 |  1024
        Lair:1 |       0 |    4805 |   0.0 |       0 |      14 |   0.0 |   794
        Lair:2 |       0 |     910 |   0.0 |       0 |       5 |   0.0 |   387
        Lair:3 |       0 |    1471 |   0.0 |       0 |       6 |   0.0 |   201
        Lair:4 |       0 |    3544 |   0.0 |       0 |      17 |   0.0 |   529
        Bailey |       0 |    2242 |   0.0 |       0 |      39 |   0.0 |  1309
               +---------+---------+-------+---------+---------+-------+---------
